 Dungeon Crawl Stone Soup version 0.21.1-1-g345015fe64 (webtiles) character file.

576 Norrik the Fighter (level 7, -4/70 HPs)
             Began as a Minotaur Monk on Mar 21, 2018.
             Slain by Grinder (5 damage)
             ... while paralysed by Grinder
             ... on level 5 of the Dungeon.
             The game lasted 00:16:12 (4447 turns).

Norrik the Fighter (Minotaur Monk)                  Turns: 4447, Time: 00:16:13

Health: -4/70      AC:  7    Str: 16    XL:     7   Next: 13%
Magic:  6/6        EV:  2    Int:  8    God:
Gold:   115        SH:  0    Dex: 13    Spells: 6/6 levels left

rFire    . . .     SeeInvis .   a - +0 hand axe
rCold    . . .     Gourm    .   (no shield)
rNeg     . . .     Faith    .   A - +0 scale mail
rPois    .         Spirit   .   (helmet restricted)
rElec    .         Reflect  .   (no cloak)
rCorr    .         Harm     .   l - +0 pair of gloves
MR       .....                  (no boots)
Stlth    ..........             (no amulet)
HPRegen  0.21/turn              i - +1 ring of evasion
MPRegen  0.10/turn              (no ring)

@: paralysed
A: retaliatory headbutt, horns 2
a: no special abilities


You were on level 5 of the Dungeon.
You were very hungry.

You visited 1 branch of the dungeon, and saw 5 of its levels.

You collected 115 gold pieces.

Inventory:

Hand Weapons
 a - a +0 hand axe (weapon)
 r - a +2 hunting sling of freezing
Missiles
 f - 56 arrows
 g - 98 stones (quivered)
Armour
 l - a +0 pair of gloves (worn)
 p - a +0 ring mail
 A - a +0 scale mail (worn)
Jewellery
 i - a +1 ring of evasion (left hand)
 x - an uncursed amulet of faith {unknown}
Wands
 b - a wand of clouds (6)
 o - a wand of random effects (12)
 q - a wand of flame (29)
 w - a wand of digging (15)
Scrolls
 d - 2 scrolls of immolation {unknown}
 h - a scroll of enchant armour {unknown}
 j - 4 scrolls of remove curse
 s - 2 scrolls of enchant weapon {unknown}
 u - 7 scrolls of identify
 y - a scroll of amnesia {unknown}
 B - a scroll of fog {unknown}
Potions
 e - 2 potions of magic
 k - 2 potions of ambrosia
 m - a potion of haste {unknown}
 n - a potion of mutation
 t - a potion of flight {unknown}
 v - 2 potions of curing {unknown}
 z - a potion of degeneration {unknown}
 C - 2 potions of might {unknown}
 D - a potion of brilliance {unknown}
Books
 E - a book of Changes

   Spells                             Type                      Level
   a - Beastly Appendage              Transmutation                1
   b - Sticks to Snakes               Transmutation                2
   c - Spider Form                    Transmutation/Poison         3
   d - Ice Form                       Ice/Transmutation            4
   e - Blade Hands                    Transmutation                5
Comestibles
 c - 9 rations


   Skills:
 * Level 9.4 Fighting
 - Level 4.7 Axes
 - Level 3.2 Dodging
 - Level 1.5 Stealth


You had 6 spell levels left.
You didn't know any spells.

Dungeon Overview and Level Annotations

Branches:
Dungeon (5/15)
 Temple: D:4-7

Altars:
Cheibriados
Hepliaklqana
Ru
Trog
Wu Jian

Annotations:
D:5 Grinder


Innate Abilities, Weirdness & Mutations

You reflexively headbutt those who attack you in melee.
You have a pair of horns on your head.


Message History

Grinder gestures at you. You resist with significant effort.
You hit Grinder but do no damage. Your headbutt misses Grinder.
Grinder is almost dead.
Grinder hits you.
You writhe in agony.
You barely miss Grinder. Your headbutt misses Grinder.
Grinder is almost dead.
Grinder gestures at you. Pain shoots through your body!
* * * LOW HITPOINT WARNING * * *
Grinder gestures at you.
You suddenly lose the ability to move!
Grinder hits you!
* * * LOW HITPOINT WARNING * * *
You writhe in agony.
* * * LOW HITPOINT WARNING * * *
Grinder hits you.
* * * LOW HITPOINT WARNING * * *
You writhe in agony.
You die...

#.##..## #.#....#
....%.. #.....
##....# .....#
#.5.# ####
#####@.##.....
..#
#.............
..#
#.###..#######
#.# #.# #..#
#.#.##.####.#
#.#........>#
#####.#+##.#....#
#........#.#....#
#....<.........##


You could see Grinder.

Vanquished Creatures
  Sigmund (D:2)
  2 orc priests (D:4)
  Ijyb (D:3)
  Natasha (thrice) (D:3)
  2 worker ants (D:4)
  Robin (D:2)
  3 gnolls (D:2)
  7 adders
  3 oozes
  An adder skeleton (D:4)
  A worm (D:2)
  A dart slug (D:1)
  4 leopard geckos
  3 orcs
  4 bats
  3 giant cockroaches
  13 goblins
  11 hobgoblins
  4 jackals (D:4)
  3 quokkas
  A ball python (D:3)
  5 frilled lizards
  9 kobolds
  7 rats
93 creatures vanquished.

Notes
Turn   | Place    | Note
-------+----------+-------------------------------------------
     0 | D:1      | Norrik the Minotaur Monk began the quest for the Orb.
     0 | D:1      | Reached XP level 1. HP: 19/19 MP: 0/0
   156 | D:1      | Reached XP level 2. HP: 26/26 MP: 1/1
   723 | D:1      | Reached skill level 4 in Fighting
   947 | D:2      | Reached XP level 3. HP: 33/33 MP: 2/2
  1329 | D:2      | Reached skill level 5 in Fighting
  1383 | D:2      | Noticed Sigmund
  1393 | D:2      | Reached XP level 4. HP: 42/42 MP: 3/3
  1621 | D:2      | Killed Sigmund
  1621 | D:2      | Reached skill level 7 in Fighting
  1621 | D:2      | Reached XP level 5. HP: 37/52 MP: 4/4
  1744 | D:2      | Found a bloodstained altar of Trog.
  1758 | D:2      | Noticed Robin
  1776 | D:2      | Killed Robin
  2338 | D:3      | Reached XP level 6. HP: 56/60 MP: 5/5
  2349 | D:3      | Noticed Ijyb
  2358 | D:3      | Killed Ijyb
  2716 | D:3      | Reached skill level 8 in Fighting
  2836 | D:3      | Noticed Natasha
  2846 | D:3      | Killed Natasha
  3038 | D:3      | Noticed Natasha
  3043 | D:3      | Killed Natasha
  3126 | D:3      | Noticed Natasha
  3134 | D:3      | Killed Natasha
  3628 | D:4      | Reached skill level 9 in Fighting
  3854 | D:4      | Reached XP level 7. HP: 45/70 MP: 6/6
  4180 | D:4      | Found a snail-covered altar of Cheibriados.
  4246 | D:4      | Found a faded altar of an unknown god.
  4246 | D:4      | Found an ornate altar of the Wu Jian Council.
  4252 | D:4      | Found a sacrificial altar of Ru.
  4254 | D:4      | Found a faded altar of an unknown god.
  4255 | D:4      | Found a hazy altar of Hepliaklqana.
  4404 | D:5      | Entered Level 5 of the Dungeon
  4421 | D:5      | Noticed Grinder
  4445 | D:5      | Paralysed by Grinder for 4 turns
  4446 | D:5      | HP: 3/70 [Grinder (6)]
  4447 | D:5      | HP: 1/70 [Grinder (2)]
  4447 | D:5      | Slain by Grinder

Skill      XL: |  1  2  3  4  5  6 |
---------------+-------------------+-----
Axes           | 4 |  4.7
Fighting       | 4 5 7 9 |  9.4
Dodging        | |  3.2
Stealth        | |  1.5

Action                   |  1- 3 |  4- 6 |  7- 9 || total
-------------------------+-------+-------+-------++-------
Melee: Hand axe          |    70 |   136 |    25 ||   231
       Headbutt          |    11 |    21 |     5 ||    37
Throw: Stone             |     4 |       |       ||     4
  Use: Scroll            |       |     4 |       ||     4
  Eat: Chunk             |     1 |     8 |     1 ||    10
Armor: Robe              |     8 |       |       ||     8
       Ring mail         |    10 |    36 |     3 ||    49
       Scale mail        |       |       |     1 ||     1
Dodge: Dodged            |    26 |    98 |    15 ||   139
